 Dungeon Crawl Stone Soup version 0.17.1-1-g73c8601 (webtiles) character file.

3074 shmeve the Fighter (level 9, -1/123 HPs)
             Began as a Mottled Draconian Berserker on Apr 18, 2016.
             Was a Priest of Trog.
             Slain by Joseph
             ... wielding a +4 quarterstaff of crushing
              (19 damage)
             ... on level 8 of the Dungeon.
             The game lasted 00:19:54 (8078 turns).

shmeve the Fighter (Mottled Draconian Berserker)    Turns: 8078, Time: 00:19:55

Health: -1/123     AC:  8    Str: 27    XL:     9   Next: 58%
Magic:  9/9        EV: 15    Int:  9    God:    Trog [***...]
Gold:   384        SH:  0    Dex: 13    Spells: 0 memorised, 8 levels left

rFire  . . .     SeeInvis .     a - +1 hand axe
rCold  . . .     Clarity  .     (armour unavailable)
rNeg   . . .     SustAt   .     (no shield)
rPois  .         Gourm    .     (helmet restricted)
rElec  .         Spirit   .     (no cloak)
rCorr  .         Warding  .     D - +0 pair of gloves
rMut   .         Stasis   .     (no boots)
MR     ++...                    (no amulet)
Stlth  ..........               (no ring)
                                y - +3 ring of dexterity

@: berserking, short of breath, regenerating, very quick, very resistant to
hostile enchantments, extremely unstealthy
A: breathe sticky flame splash, unfitting armour, cold-blooded, AC +7
a: Breathe Sticky Flame, Berserk, Trog's Hand, Burn Spellbooks, Renounce
Religion


You were on level 8 of the Dungeon.
You worshipped Trog.
Trog was most pleased with you.
You were not hungry.

You visited 1 branch of the dungeon, and saw 8 of its levels.
You also visited: Sewer.

You collected 384 gold pieces.

Inventory:

Hand Weapons
 a - a +1 hand axe (weapon)
Armour
 D - a +0 pair of gloves (worn)
Jewellery
 m - a +3 ring of intelligence
 y - a +3 ring of dexterity (left hand)
Wands
 s - a wand of digging (11)
Scrolls
 d - 2 scrolls of remove curse
 e - 2 scrolls of recharging
 i - 2 scrolls of fear
 k - 2 scrolls of teleportation
 q - a scroll of blinking
 v - 2 scrolls of fog
 w - a scroll of enchant weapon
Potions
 f - a potion of degeneration {unknown}
 h - 2 potions of brilliance {unknown}
 j - 5 potions of curing
 l - a potion of might {unknown}
 r - a potion of cure mutation
 t - a potion of mutation {unknown}
 u - 4 potions of heal wounds
 x - 2 potions of flight {unknown}
 A - a potion of berserk rage {unknown}
 C - a potion of poison {unknown}
Comestibles
 b - 5 bread rations
 c - 7 fruits
 g - 4 meat rations
 n - 3 slices of pizza
 o - 3 beef jerkies
 p - a chunk of flesh


   Skills:
 * Level 8.5 Fighting
 * Level 7.8 Axes
 * Level 7.0 Dodging
 + Level 5.1 Stealth


You had 8 spell levels left.
You didn't know any spells.

Dungeon Overview and Level Annotations

Branches:
Dungeon (8/15)             Temple (0/1) D:6
   Lair: D:8-11

Altars:
Dithmenos
Elyvilon
Ru
Sif Muna
Trog
Yredelemnul

Annotations:
D:8 Joseph


Innate Abilities, Weirdness & Mutations

You can spit globs of burning liquid.
You can ignite nearby creatures when you spit burning liquid.
Your weird mottled scales are hard (AC +7).
Your body does not fit into most forms of armour.
You are cold-blooded and may be slowed by cold attacks.


Message History

A red film seems to cover your vision as you go berserk!
You feel yourself moving faster!
You feel mighty!
You feel somewhat more hungry.
Joseph burns!
Joseph closely misses you.
You hit Joseph.
Joseph is moderately wounded.
Joseph burns!
Joseph hits you with an uncursed quarterstaff of crushing!
* * * LOW HITPOINT WARNING * * *
x2 You slash Joseph!
Joseph is heavily wounded.
Joseph burns!
Joseph stops burning.
You slash Joseph!
Joseph is severely wounded.
Joseph closely misses you.
You barely miss Joseph.
Joseph is severely wounded.
You closely miss Joseph.
Your tail-slap misses Joseph.
Joseph is severely wounded.
Joseph hits you with an uncursed quarterstaff of crushing!!
You die...

## ####.
...#.#######
...........#
#.#..####.# #
#......##.##....
#......@@......$.
#...#.(.#.#......
.#...#...#.#......
.....##..#.#......
..................
#......†...#%#####
...####.##.# #
#.......(..#.#
#...#.#..#<..#


You could see Joseph.

Vanquished Creatures
  A troll (D:7)
  Menkaure (D:7)
  A steam dragon (D:7)
  A sky beast (D:5)
  The ghost of yush the Covert, an amateur SpEn (D:6)
  2 ice beasts
  2 phantoms
  Purgy (D:3)
  A black bear (D:6)
  4 ogres
  4 centaurs
  2 big kobolds
  A giant frog (D:7)
  4 scorpions
  2 crimson imps (D:6)
  4 iguanas
  2 giant frog skeletons
  A centaur skeleton (D:8)
  4 orc priests
  7 worker ants
  An orc wizard (D:4)
  2 hound skeletons
  3 worker ant zombies
  6 adders
  A gnoll (D:1)
  A river rat (D:5)
  2 oozes
  An adder zombie (D:6)
  2 worms
  6 giant geckos
  13 orcs
  2 ball pythons
  4 bats
  8 goblins
  10 hobgoblins
  13 jackals
  15 kobolds
  6 quokkas
  A ball python zombie (D:5)
  7 giant cockroaches
  A giant cockroach zombie (D:6)
  2 giant newts
  14 rats
167 creatures vanquished.

Notes
Turn   | Place    | Note
--------------------------------------------------------------
     0 | D:1      | shmeve the Draconian Berserker began the quest for the Orb.
     0 | D:1      | Reached XP level 1. HP: 19/19 MP: 1/1
   123 | D:1      | Reached XP level 2. HP: 21/26 MP: 2/2
   312 | D:1      | Reached skill level 1 in Stealth
   312 | D:1      | Reached XP level 3. HP: 33/33 MP: 3/3
   669 | D:2      | Reached ** piety under Trog
  1111 | D:2      | Reached skill level 4 in Fighting
  1201 | D:2      | Reached XP level 4. HP: 40/40 MP: 4/4
  1221 | D:2      | Found a shadowy altar of Dithmenos.
  1566 | D:3      | Noticed Purgy
  1574 | D:3      | Killed Purgy
  1574 | D:3      | Reached XP level 5. HP: 47/47 MP: 5/5
  2021 | D:3      | Found a deep blue altar of Sif Muna.
  2079 | D:3      | Found a bloodstained altar of Trog.
  2079 | D:3      | Found a basalt altar of Yredelemnul.
  2466 | D:4      | Noticed an ogre
  2479 | D:4      | Killed an ogre
  2479 | D:4      | Reached XP level 6. HP: 55/55 MP: 6/6
  2540 | D:4      | Reached skill level 5 in Fighting
  2995 | D:4      | Found a sacrificial altar of Ru.
  3507 | D:4      | Your scales start taking on a weird mottled colour.
  3507 | D:4      | Reached XP level 7. HP: 6/61 MP: 7/7
  3747 | D:4      | Noticed a phantom
  3883 | D:4      | Reached skill level 5 in Axes
  4197 | D:4      | Reached skill level 6 in Fighting
  4573 | D:4      | HP: 2/63 [phantom (4)]
  4574 | D:4      | Killed a phantom
  4895 | D:5      | Entered Level 5 of the Dungeon
  4939 | D:5      | Found a white marble altar of Elyvilon.
  4956 | D:5      | Reached skill level 5 in Dodging
  4956 | D:5      | Reached XP level 8. HP: 51/71 MP: 8/8
  4970 | D:5      | Gained mutation: Scrolls take you a little longer to read. [mutagenic meat]
  4971 | D:5      | Lost mutation: Scrolls take you a little longer to read. [potion of cure mutation]
  5161 | D:5      | Reached *** piety under Trog
  5392 | D:5      | Reached skill level 7 in Fighting
  5476 | D:5      | Found a glowing drain.
  5485 | Sewer    | Entered a sewer
  5592 | Sewer    | Found a white marble altar of Elyvilon.
  5940 | D:6      | Found a staircase to the Ecumenical Temple.
  6075 | D:6      | Noticed yush's ghost (amateur SpEn)
  6086 | D:6      | Killed yush's ghost
  6131 | D:6      | Reached XP level 9. HP: 79/79 MP: 9/9
  6725 | D:7      | Reached **** piety under Trog
  6844 | D:7      | Noticed Menkaure
  6857 | D:7      | Killed Menkaure
  7271 | D:7      | Reached skill level 8 in Fighting
  7633 | D:7      | Reached skill level 5 in Stealth
  8061 | D:8      | Noticed Joseph
  8078 | D:8      | Slain by Joseph

Action                   |  1- 3 |  4- 6 |  7- 9 || total
-------------------------+-------+-------+-------++-------
Melee: Hand axe          |   122 |   197 |   427 ||   746
Invok: Berserk           |     1 |     3 |     6 ||    10
       Trog's Hand       |     1 |     2 |     4 ||     7
       Burn Spellbooks   |       |       |     1 ||     1
 Abil: Breathe Sticky Fl |       |       |    23 ||    23
  Use: Scroll            |       |    11 |     4 ||    15
       Potion            |       |       |     1 ||     1
 Stab: Sleeping          |     1 |     5 |     5 ||    11
  Eat: Chunk             |     2 |    10 |    26 ||    38
       Fruit             |       |     1 |     1 ||     2
